Match 41382823
Unlisted
Match 41382823
End
Kettenkrad Recon Vehicle
Construct Infanterie Kompanie
Grenadier Squad
Grenadier Squad
Grenadier Squad
Infanterie Officer Quarters
Construct Luftwaffe Kompanie
Selects Luftwaffe Battlegroup
Selects Stuka Strafing Run
Stuka Strafing Run
Selects Luftwaffe Pioneer Support
Fallschirmpioneer Squad Paradrop
Selects Fallschirmjäger Squad Paradrop
Support Elements
Wirbelwind Flakpanzer
Selects Fragmentation Bombs
Construct Panzergrenadier Kompanie
Nebelwerfer 42 Rocket Launcher Team
Fragmentation Bombs
Luftwaffe Officer Quarters
Nebelwerfer 42 Rocket Launcher Team
Fragmentation Bombs
StuG III G Assault Gun
StuG III G Assault Gun
Selects Flak 38 Anti-Air Emplacement
Selects Flak 36 Anti-tank Gun Emplacement
JP
Vettlen
nidjo
SimplyFinny
鲱鱼兔子
SB438
Fairy Publiusxyw
S.E
0
0
Comments sign in to comment!
No comments posted yet!